 Dungeon Crawl Stone Soup version 0.27-a0-650-g8dd3ea4f36 (webtiles) character file.

Game seed: 4285553326188417036

1681 Wryer the Cutter (level 8, -9/62 HPs)
             Began as a Demonspawn Abyssal Knight on Mar 8, 2021.
             Was a Priest of Lugonu.
             Killed from afar by a white imp (11 damage)
             ... with a puff of frost
             ... on level 6 of the Dungeon on Mar 15, 2021.
             The game lasted 00:48:43 (7716 turns).

Wryer the Cutter (Demonspawn Abyssal Knight)        Turns: 7716, Time: 00:48:43

Health: -9/62      AC: 15    Str: 14    XL:     8   Next: 71%
Magic:  7/10       EV: 16    Int: 13    God:    Lugonu [***...]
Gold:   289        SH:  4    Dex: 14    Spells: 9/10 levels left

rFire    . . .     SeeInvis .   c - +2 dagger (speed)
rCold    . . .     Faith    .   d - +0 buckler {AC+3}
rNeg     . . .     Spirit   .   m - +0 ring mail
rPois    .         Reflect  .   u - +2 helmet
rElec    .         Harm     .   (no cloak)
rCorr    .         Rampage  .   k - +0 pair of gloves
Will     .....                  B - +0 pair of boots
Stlth    +.........             (no amulet)
HPRegen  0.20/turn              (no ring)
MPRegen  0.12/turn              (no ring)

@: agile
A: powered by pain 3, sharp scales 1, demonic magic 1
a: Renounce Religion, Depart the Abyss, Bend Space, Banish


You were on level 6 of the Dungeon.
You worshipped Lugonu.
Lugonu was most pleased with you.
You visited 1 branch of the dungeon, and saw 6 of its levels.
You visited the Abyss 1 time.

You collected 289 gold pieces.

Inventory:

Hand Weapons
 a - a +1 mace
 c - a +2 dagger of speed (weapon)
Missiles
 e - 14 boomerangs (quivered)
 f - 129 arrows
Armour
 b - a +0 leather armour
 d - a +0 buckler of protection (worn)
 g - a +0 leather armour
 j - a +0 leather armour
 k - a +0 pair of gloves (worn)
 m - a +0 ring mail (worn)
 t - a +0 animal skin
 u - a +2 helmet (worn)
 z - a +0 ring mail
 B - a +0 pair of boots (worn)
 C - a +0 helmet
Jewellery
 A - a +6 ring of intelligence
Wands
 p - a wand of flame (12)
 w - a wand of digging (4)
 F - a wand of mindburst (11)
Scrolls
 o - a scroll of fear
 q - a scroll of enchant weapon
 s - a scroll of magic mapping
 y - 4 scrolls of immolation
 D - a scroll of noise
 H - a scroll of fog {unknown}
 I - a scroll of teleportation
Potions
 i - a potion of cancellation
 l - 2 potions of flight
 n - 3 potions of might
 r - a potion of haste
 E - a potion of attraction {unknown}
 G - a potion of heal wounds {unknown}
 J - a potion of resistance {unknown}


   Skills:
 + Level 5.1 Fighting
 + Level 5.5 Short Blades
 + Level 2.0 Maces & Flails
 + Level 2.0 Throwing
 + Level 4.4 Armour
 + Level 3.4 Dodging
 + Level 1.4 Stealth
 + Level 2.4 Shields
 + Level 1.5 Spellcasting
 + Level 0.5 Necromancy
 + Level 3.7 Invocations


You had 9 spell levels left.
You knew the following spells:

 Your Spells              Type           Power      Damage    Failure   Level
a - Animate Skeleton      Necr           4%         N/A       45%         1

Your spell library contained the following spells:

 Spells                   Type           Power      Damage    Failure   Level
 Apportation              Tloc           2%         N/A       54%         1
 Corona                   Hex            1%         N/A       54%         1
 Summon Small Mammal      Summ           4%         N/A       54%         1


Dungeon Overview and Level Annotations

Branches:
Dungeon (6/15)             Temple (0/1) D:5

Altars:
Dithmenos
Elyvilon
Makhleb
Sif Muna
Trog
Vehumet
Wu Jian
Zin

Annotations:
Abyss:1 Grinder


Innate Abilities, Weirdness & Mutations

You are powered by pain.
You are partially covered in razor-sharp scales. (AC +1, Slay +1)
Spells you cast may paralyse adjacent enemies.


Message History

Press: ? - help, Q - select action, (/) - cycle Shift-Dir - straight line, f/p - orc warrior
Aim: an orc warrior, wielding a +0 glaive and wearing a +0 plate armour (almost dead, 63% to hit)
You throw a boomerang.
The boomerang closely misses the orc warrior.
You block the orc warrior's attack.
You hear the slow hiss of a distant avalanche of sand.
Space bends around you!
You blink.
Throw: 14 boomerangs
Press: ? - help, Q - select action, (/) - cycle Shift-Dir - straight line, f/p - orc warrior
Aim: an orc warrior, wielding a +0 glaive and wearing a +0 plate armour (almost dead, 63% to hit)
You throw a boomerang.
The boomerang hits the orc warrior but does no damage.
The orc warrior is almost dead.
The orc warrior barely misses you.
Unknown command.
Space bends around you!
You blink.
A white imp comes into view.
The white imp shouts, "Escape, thou unctious weevil-witted wagtail!"
Found a stone staircase leading up.
Throw: 14 boomerangs
Press: ? - help, Q - select action, (/) - cycle Shift-Dir - straight line, f/p - orc warrior
Aim: an orc warrior, wielding a +0 glaive and wearing a +0 plate armour (almost dead, 63% to hit)
You throw a boomerang. The boomerang hits the orc warrior.
The orc warrior is almost dead.
The white imp gestures at you.
The puff of frost hits you but does no damage.
Space bends around you!
You blink.
The white imp closely misses you. Space bends sharply around you!
You blink.
A worker ant and a skeleton come into view.
Blink to where?
Press: ? - help, Dir - move target
As you read the scroll of blinking, it crumbles to dust.
The white imp gestures at you. The puff of frost hits you.
* * * LOW HITPOINT WARNING * * *
You can't go down here!
The white imp grins evilly.
The white imp gestures at you. The puff of frost hits you!
You die...

.............#..#####
#...........###.......
#...................##
#..........##.......
#.......o..+.....#..#
#..........#........#
#..........#....#.#.#
###..........#
.......@...5##
###.........# #
+.........+ ..#
#.........##.Z..#
#....##....Z.B..#
...... #.#####...#
.....## #+# . .#...


You could see an orc warrior, a white imp and a jackal skeleton.

Vanquished Creatures
  Sigmund (D:2)
  A sky beast (D:5)
  An ogre (D:3)
  2 centaurs (D:5)
  A phantom (D:6)
  A bullfrog (D:6)
  2 scorpions
  A howler monkey (D:4)
  2 hounds
  A centaur skeleton (D:6)
  2 orc priests (D:4)
  2 bullfrog skeletons
  An iguana (D:3)
  Jessica (D:2)
  4 worker ants
  5 orc wizards
  A worker ant zombie (D:5)
  Robin (D:2)
  6 adders
  3 gnolls (D:4)
  An ufetubus (D:6)
  An ooze (D:3)
  4 dart slugs
  6 leopard geckos
  10 orcs
  5 bats
  5 giant cockroaches
  15 goblins
  11 hobgoblins
  16 jackals
  7 kobolds
  2 quokkas (D:2)
  2 ball pythons
  7 frilled lizards
  6 rats
137 creatures vanquished.

Notes
Turn   | Place    | Note
-------+----------+-------------------------------------------
     0 | Abyss:1  | Wryer the Demonspawn Abyssal Knight began the quest for the
                  | Orb.
     0 | Abyss:1  | Reached XP level 1. HP: 18/18 MP: 2/2
   258 | D:1      | Escaped the Abyss
   755 | D:1      | Gained mutation: You sometimes gain a little power by
                  | taking damage. [demonic ancestry]
   755 | D:1      | Reached XP level 2. HP: 24/24 MP: 3/3
  1047 | D:1      | Reached skill level 1 in Dodging
  1533 | D:2      | Gained mutation: You sometimes gain power by taking damage.
                  | [demonic ancestry]
  1533 | D:2      | Reached XP level 3. HP: 22/29 MP: 4/4
  1540 | D:2      | Noticed Robin
  1684 | D:2      | Reached ** piety under Lugonu
  1972 | D:2      | Found a radiant altar of Vehumet.
  2011 | D:2      | Noticed Jessica
  2098 | D:2      | Noticed Sigmund
  2405 | D:2      | Found a shadowy altar of Dithmenos.
  2413 | D:2      | Killed Jessica
  2414 | D:2      | Reached skill level 1 in Short Blades
  2414 | D:2      | Reached XP level 4. HP: 27/37 MP: 5/5
  2762 | D:2      | Killed Robin
  3137 | D:3      | Found a bloodstained altar of Trog.
  3378 | D:3      | Gained mutation: You are powered by pain. [demonic
                  | ancestry]
  3378 | D:3      | Reached XP level 5. HP: 42/42 MP: 6/6
  3661 | D:3      | Noticed an ogre
  3732 | D:3      | Killed an ogre
  4008 | D:3      | Reached skill level 1 in Shields
  4008 | D:3      | Gained mutation: You are partially covered in razor-sharp
                  | scales. (AC +1, Slay +1) [demonic ancestry]
  4008 | D:3      | Reached XP level 6. HP: 46/48 MP: 8/8
  4082 | D:3      | Reached *** piety under Lugonu
  4086 | D:3      | Noticed Grinder
  4124 | D:3      | Banished Grinder
  4125 | D:3      | Reached skill level 1 in Throwing
  4305 | D:3      | Learned a level 1 spell: Animate Skeleton
  4339 | D:3      | Found a burning altar of Makhleb.
  4596 | D:3      | Reached XP level 7. HP: 44/54 MP: 9/9
  5101 | D:2      | Upgraded the game from 0.27-a0-562-g0d39f094a4 to
                  | 0.27-a0-650-g8dd3ea4f36
  5225 | D:2      | Killed Sigmund
  5347 | D:4      | Found a shimmering blue altar of Sif Muna.
  5408 | D:4      | Found an ornate altar of the Wu Jian Council.
  5461 | D:4      | Reached skill level 1 in Stealth
  6210 | D:4      | Gained mutation: Spells you cast may paralyse adjacent
                  | enemies. [demonic ancestry]
  6210 | D:4      | Reached XP level 8. HP: 59/61 MP: 10/10
  6486 | D:5      | Entered Level 5 of the Dungeon
  6595 | D:5      | Found a staircase to the Ecumenical Temple.
  6806 | D:5      | Reached skill level 5 in Short Blades
  7155 | D:5      | Reached skill level 1 in Spellcasting
  7525 | D:6      | Reached skill level 5 in Fighting
  7715 | D:6      | HP: 2/62 [white imp/puff of frost (1)]
  7716 | D:6      | Killed from afar by a white imp

Illustrated notes

Levels and vault maps discovered:
D:1:      nzn_arrival_water_spiral, layout_loops_corners
D:2:      cheibrodos_helix_gallery, layout_rooms, nicolae_vehumet_altar_sigil,
          nicolae_dithmenos_through_a_glass_darkly, minmay_pentomino_x2,
          uniq_robin, uniq_sigmund, uniq_jessica
D:3:      minmay_chambers_of_threes, layout_basic,
          nicolae_overflow_hidden_temple, kennysheep_crisscross, bloody_trog,
          uniq_grinder
D:4:      layout_loops_cross, zin_statuary, nzn_wu_jian_contemplation, tgw_sif
D:5:      layout_rooms, minmay_temple_entry_overgrown
D:6:      hangedman_cross_stitches, layout_basic, kennysheep_mini_moat,
          nicolae_ossuary_entry_plus, lemuel_old_faithful,
          uniq_crazy_yiuf_cottage

Skill      XL: |  1  2  3  4  5  6  7  8 |
---------------+-------------------------+-----
Dodging        | 1 2 3 |  3.4
Armour         | 2 3 4 |  4.4
Maces & Flails | 2 |  2.0
Short Blades   | 1 2 3 4 5 |  5.5
Fighting       | 4 5 |  5.1
Shields        | 1 2 |  2.4
Throwing       | 1 2 |  2.0
Invocations    | 3 |  3.7
Stealth        | 1 |  1.4
Spellcasting   | 1 |  1.5
Necromancy     | |  0.5

Action                   |  1- 3 |  4- 6 |  7- 9 || total
-------------------------+-------+-------+-------++-------
Melee: Dagger            |   199 |   238 |   468 ||   905
       Mace              |    16 |       |       ||    16
Throw: Dart              |       |    13 |    13 ||    26
       Boomerang         |       |       |     4 ||     4
 Cast: Animate Skeleton  |       |       |     9 ||     9
Invok: Bend Space        |       |     3 |     5 ||     8
       Banish            |       |     1 |       ||     1
  Use: Scroll            |       |     5 |     7 ||    12
       Potion            |       |     1 |     3 ||     4
Armor: Leather armour    |    55 |       |       ||    55
       Ring mail         |       |    76 |   104 ||   180
Dodge: Dodged            |    96 |    73 |   137 ||   306
Block: Buckler           |    27 |    33 |    52 ||   112

Table legend: (Time is in decaauts)
 A = Elapsed time spent in this place.
 B = Non-inter-level travel time spent in this place.
 C = Inter-level travel time spent in this place.
 D = Time resting spent in this place.
 E = Time spent auto-exploring this place.
 F = Levels seen in this place.
 G = Mean time per level.
                   A        B        C        D        E       F      G
               +--------+--------+--------+--------+--------+-----+--------+
         Total |   7416 |   7001 |    415 |   2026 |   2903 |   7 | 1059.4 |
       Dungeon |   7158 |   6743 |    415 |   1826 |   2903 |   6 | 1193.0 |
         Abyss |    258 |    258 |      0 |    200 |      0 |   1 |  258.0 |
               +--------+--------+--------+--------+--------+-----+--------+

Top non-repeatable levels by time:
     D:2: 1731 daAuts
     D:1: 1682 daAuts
     D:3: 1538 daAuts
     D:4: 1095 daAuts
     D:5: 850 daAuts
     D:6: 260 daAuts
 Abyss:1: 258 daAuts
